 Dungeon Crawl Stone Soup version 0.18.1-48-g4cf74bf (webtiles) character file.

485 alexandrvrp the Slasher (level 7, -7/37 HPs)
             Began as a Vine Stalker Gladiator on June 27, 2016.
             Was a Believer of Cheibriados.
             Mangled by an orc warrior
             ... wielding a +0 trident
              (20 damage)
             ... on level 6 of the Dungeon.
             The game lasted 00:13:14 (3136 turns).

alexandrvrp the Slasher (Vine Stalker Gladiator)    Turns: 3136, Time: 00:13:23

Health: -7/37      AC: 11    Str: 22    XL:     7   Next: 13%
Magic:  0/8        EV: 13    Int: 15    God:    Cheibriados [**....]
Gold:   228        SH:  0    Dex: 20    Spells: 0 memorised, 6 levels left

rFire  . . .     SeeInvis .     a - +0 long sword
rCold  . . .     Gourm    .     b - +3 ring mail {rPois}
rNeg   . . .     Faith    .     (no shield)
rPois  +         Spirit   +     c - +0 helmet
rElec  .         Dismiss  .     y - +0 cloak (curse)
rCorr  .         Reflect  .     g - +0 pair of gloves
SustAt .         Harm     .     (no boots)
MR     .....                    (no amulet)
Stlth  ++........               (no ring)
                                k - +3 ring of intelligence

@: about to teleport, very slow, not resistant to hostile enchantments,
unstealthy
A: fangs 2, regeneration 2, magic shield, antimagic bite, no device heal 3, rot
immunity
a: Bend Time, Renounce Religion


You were on level 6 of the Dungeon.
You worshipped Cheibriados.
Cheibriados was pleased with you.
You were hungry.

You visited 1 branch of the dungeon, and saw 6 of its levels.

You collected 228 gold pieces.

Inventory:

Hand Weapons
 a - a +0 long sword (weapon)
 s - a +3 dagger
Missiles
 d - a throwing net (quivered)
Armour
 b - a +3 ring mail of poison resistance (worn)
 c - a +0 helmet (worn)
 g - a +0 pair of gloves (worn)
 y - a cursed +0 cloak (worn)
 z - a +0 leather armour of cold resistance
Jewellery
 k - a +3 ring of intelligence (left hand)
Wands
 i - a wand of iceblast (10/15)
Scrolls
 h - a scroll of remove curse
 o - a scroll of teleportation
 q - 6 scrolls of identify {unknown}
 r - a scroll of blinking {unknown}
 t - 2 scrolls of enchant armour {unknown}
 v - 2 scrolls of recharging {unknown}
 x - a scroll of fear {unknown}
Potions
 e - 3 potions of cure mutation {unknown}
 p - 2 potions of degeneration {unknown}
 u - 2 potions of curing {unknown}
 w - a potion of berserk rage {unknown}
 A - a potion of brilliance {unknown}
 B - a potion of beneficial mutation {unknown}
 C - a potion of heal wounds {unknown}
 D - a potion of magic {unknown}
Comestibles
 f - 6 bread rations
 j - 5 fruits
 l - 3 beef jerkies
 m - 3 meat rations


   Skills:
 * Level 3.8 Fighting
 * Level 4.3 Long Blades
 - Level 1.7 Throwing
 + Level 1.5 Armour
 * Level 3.7 Dodging
 + Level 2.9 Stealth


You had 6 spell levels left.
You didn't know any spells.

Dungeon Overview and Level Annotations

Branches:
Dungeon (5/15)
 Temple: D:4-7

Altars:
Cheibriados
Gozag
Makhleb
Nemelex Xobeh
Pakellas
Qazlal
Ru

Shops:
D:4 %   D:5 (


Innate Abilities, Weirdness & Mutations

You have extremely sharp teeth.
You heal very quickly.
When hurt, damage is shared between your health and your magic reserves.
Your bite disrupts and absorbs the magic of your enemies.
Potions and wands cannot restore your health.
You are immune to rotting.


Message History

The giant gecko bites you but does no damage.
Read which item? (? for menu, Esc to quit)
As you read the scroll labeled COAF UNUACZILI, it crumbles to dust.
You feel strangely unstable.
It was a scroll of teleportation.
The killer bee zombie hits you but does no damage. x2
The giant gecko bites you.
The orc warrior hits you with a trident.
You hit the orc warrior but do no damage.
You bite the orc warrior. You drain its power.
You feel invigorated.
The orc warrior is moderately wounded.
The killer bee zombie hits you but does no damage.
The killer bee zombie barely misses you.
The giant gecko barely misses you.
You closely miss the orc warrior.
The orc warrior is moderately wounded.
The killer bee zombie barely misses you.
The killer bee zombie hits you.
The orc warrior hits you with a trident!!
Ouch! That really hurt!
You die...

#.. ..# ## #.##
##
...#...#####...
#.....#...#
#.....#
#.....##
##......#
#....@..##
#.#.Zol..#
....P.♣.g....#
...P≈≈≈P....##
.#♣≈≈≈.≈♣..##
#≈≈.≈≈...#
.≈≈≈≈.≈P.#
#P≈≈≈≈≈....
#.≈≈≈≈P≈.#.#


You could see an orc warrior, a gnoll shaman, a killer bee zombie and a giant
gecko.

Vanquished Creatures
  Edmund (D:4)
  3 scorpions (D:5)
  An orc wizard (D:5)
  2 worker ants (D:4)
  A hound skeleton (D:4)
  6 adders
  2 oozes
  2 worms (D:2)
  A dart slug (D:2)
  8 giant geckos
  9 orcs
  A ball python (D:1)
  2 giant cockroaches
  3 goblins
  2 hobgoblins
  3 jackals (D:1)
  8 kobolds
  3 bats
  5 giant newts
  A quokka zombie (D:5)
  8 rats
72 creatures vanquished.

Notes
Turn   | Place    | Note
--------------------------------------------------------------
     0 | D:1      | alexandrvrp the Vine Stalker Gladiator began the quest for the Orb.
     0 | D:1      | Reached XP level 1. HP: 11/11 MP: 2/2
    89 | D:1      | Reached XP level 2. HP: 15/15 MP: 3/3
   596 | D:2      | Reached XP level 3. HP: 10/18 MP: 2/4
   600 | D:2      | Reached skill level 1 in Stealth
   648 | D:2      | Found a snail-covered altar of Cheibriados.
   669 | D:2      | Reached skill level 3 in Long Blades
   925 | D:2      | Found a sacrificial altar of Ru.
  1166 | D:2      | Found a sparkling altar of Nemelex Xobeh.
  1174 | D:2      | Reached XP level 4. HP: 21/23 MP: 5/5
  1282 | D:2      | Became a worshipper of Cheibriados the Contemplative
  1380 | D:3      | Reached skill level 1 in Armour
  1587 | D:3      | Found an opulent altar of Gozag.
  1590 | D:3      | Found a burning altar of Makhleb.
  1593 | D:3      | Found an oddly glowing altar of Pakellas.
  1596 | D:3      | Found a sacrificial altar of Ru.
  1754 | D:4      | Reached * piety under Cheibriados
  1780 | D:4      | Reached XP level 5. HP: 22/28 MP: 4/6
  1847 | D:4      | Found Byxzuh's Food Shop.
  2376 | D:5      | Entered Level 5 of the Dungeon
  2376 | D:5      | Noticed Edmund
  2460 | D:4      | Killed Edmund
  2460 | D:4      | Gained mutation: You heal very quickly. [Vine Stalker growth]
  2460 | D:4      | Reached XP level 6. HP: 13/32 MP: 7/7
  2605 | D:5      | Reached skill level 4 in Long Blades
  2628 | D:5      | Found a stormy altar of Qazlal.
  2768 | D:5      | Reached ** piety under Cheibriados
  2817 | D:5      | Reached XP level 7. HP: 37/37 MP: 8/8
  2988 | D:5      | Found Kojeehon's Weapon Shop.
  3121 | D:5      | You fall through a shaft!
  3136 | D:6      | Mangled by an orc warrior

Skill      XL: |  1  2  3  4  5  6 |
---------------+-------------------+-----
Fighting       | 2 3 |  3.8
Stealth        | 1 2 |  2.9
Long Blades    | 3 4 |  4.3
Armour         | 1 |  1.5
Dodging        | 3 |  3.7
Throwing       | |  1.7

Action                   |  1- 3 |  4- 6 |  7- 9 || total
-------------------------+-------+-------+-------++-------
Melee: Long sword        |    73 |   163 |    16 ||   252
       Bite              |    15 |    68 |     9 ||    92
Throw: Throwing net      |     2 |     3 |       ||     5
Invok: Bend Time         |       |       |     1 ||     1
  Use: Scroll            |     1 |       |     1 ||     2
       Potion            |       |     2 |       ||     2
 Stab: Sleeping          |     1 |     2 |     1 ||     4
       Held in net/web   |       |     4 |       ||     4
  Eat: Chunk             |       |     5 |       ||     5
Armor: Leather armour    |    25 |    27 |       ||    52
       Ring mail         |       |    21 |     8 ||    29
Dodge: Dodged            |    49 |   107 |    19 ||   175
